 Dungeon Crawl Stone Soup version 0.22-a0-515-g75794bf (webtiles) character file.

8485 Amnesiac the Nimble (level 11, 0/56 HPs)
             Began as a Spriggan Berserker on June 19, 2018.
             Was a High Priest of Trog.
             Killed by vampiric draining
             ... invoked by Josephine
              (20 damage)
             ... on level 10 of the Dungeon.
             The game lasted 00:24:43 (8722 turns).

Amnesiac the Nimble (Spriggan Berserker)            Turns: 8722, Time: 00:24:44

Health: 0/56       AC: 15    Str: 16    XL:     11   Next: 10%
Magic:  12/12      EV: 24    Int:  9    God:    Trog [*****.]
Gold:   256        SH:  0    Dex: 16    Spells: 10/10 levels left

rFire    . . .     SeeInvis +   h - +0 rapier (speed)
rCold    . . .     Gourm    .   (shield restricted)
rNeg     . . .     Faith    .   d - +2 storm dragon scales
rPois    .         Spirit   .   y - +0 hat
rElec    +         Reflect  .   (no cloak)
rCorr    .         Harm     .   (gloves unavailable)
MR       +....                  (boots unavailable)
Stlth    ..........             p - amulet of the acrobat
HPRegen  0.18/turn              o - ring of flight
MPRegen  0.13/turn              q - +5 ring of evasion

@: very slightly contaminated, drained, invisible, very quick
A: very small, unfitting armour, see invisible, herbivore, speed 3, slow
metabolism 2
a: Berserk, Trog's Hand, Brothers in Arms, Renounce Religion, Evoke Flight


You were on level 10 of the Dungeon.
You worshipped Trog.
Trog was extremely pleased with you.
You were not hungry.

You visited 2 branches of the dungeon, and saw 11 of its levels.

You collected 605 gold pieces.
You spent 349 gold pieces at shops.

Inventory:

Hand Weapons
 h - a +0 rapier of speed (weapon)
Armour
 d - +2 storm dragon scales (worn)
 y - a +0 hat (worn)
Jewellery
 o - a ring of flight (left hand)
 p - an amulet of the acrobat (around neck)
 q - a +5 ring of evasion (right hand)
 t - a +2 amulet of reflection
Wands
 A - a wand of scattershot (7)
 B - a wand of disintegration (9)
Scrolls
 a - a scroll of magic mapping {!r}
 e - a scroll of fog {!r}
 f - 9 scrolls of teleportation {!r}
 g - 12 scrolls of remove curse {!r}
 C - a scroll of blinking {!r, unknown}
 D - 3 scrolls of identify {!r}
 E - a scroll of fear {!r}
 F - a scroll of torment {!r, unknown}
Potions
 b - 2 potions of flight {!q}
 i - a potion of berserk rage {!q}
 j - a potion of resistance {!q}
 k - a potion of might {!q}
 l - 4 potions of heal wounds {!q}
 n - 2 potions of agility {!q}
 r - 3 potions of brilliance {!q}
 s - 6 potions of curing {!q}
 u - a potion of lignification {!q}
 w - a potion of magic {!q}
 x - 3 potions of mutation {!q, unknown}
 z - a potion of cancellation {!q}
Comestibles
 c - 4 rations


   Skills:
 - Level 6.0(4.8) Fighting
 - Level 8.0(6.8) Short Blades
 - Level 8.8(7.6) Armour
 + Level 13.1(11.7) Dodging
 - Level 1.2(0.2) Stealth


You had 10 spell levels left.
You didn't know any spells.
Your spell library contained the following spells:

 Spells                   Type           Power        Failure   Level  Hunger
 Confuse                  Hex            #.......     100%        3    ####...
 Throw Frost              Conj/Ice       #.....       100%        2    ###....
 Freeze                   Ice            #...         99%         1    ##.....
 Summon Ice Beast         Ice/Summ       #.......     100%        4    #####..
 Ozocubu's Armour         Chrm/Ice       #.......     100%        3    ####...
 Tukima's Dance           Hex            #.......     100%        3    ####...
 Throw Icicle             Conj/Ice       #.......     100%        4    #####..
 Ensorcelled Hibernation  Hex/Ice        #.....       100%        2    ###....
 Corona                   Hex            #......      99%         1    ##.....
 Dazzling Spray           Conj/Hex       #.....       100%        3    ####...


Dungeon Overview and Level Annotations

Branches:
Dungeon (10/15)            Temple (1/1) D:6            Lair (0/6) D:9
    Orc: D:9-12

Altars:
Ashenzari
Cheibriados
Dithmenos
Elyvilon
Fedhas
Gozag
Hepliaklqana
Kikubaaqudgha
Makhleb
Nemelex Xobeh
Okawaru
Qazlal
Ru
Sif Muna
Trog
Uskayaw
Vehumet
Wu Jian
Xom
Yredelemnul
Zin
The Shining One

Shops:
D:7 *?[   D:10 *[

Annotations:
D:5 exclusion: oklob plant
D:10 Josephine


Innate Abilities, Weirdness & Mutations

You are very small and have problems with some larger weapons.
You are too small for most types of armour.
You have supernaturally acute eyesight. (SInv)
You are a herbivore.
You cover ground extremely quickly.
You need to consume almost no food.


Message History

* * * LOW HITPOINT WARNING * * *
The black bear claws you but does no damage.
The black bear claws you.
* * * LOW HITPOINT WARNING * * *
You barely miss the black bear.
The black bear is moderately wounded.
Josephine barely misses you.
The black bear bites you but does no damage.
The black bear claws you but does no damage. x2
You puncture the black bear!
The black bear is severely wounded.
Josephine hits you but does no damage.
The black bear bites you but does no damage.
The black bear claws you.
* * * LOW HITPOINT WARNING * * *
The black bear claws you but does no damage.
You hit the black bear.
The black bear is severely wounded.
Josephine hits you with a dagger.
* * * LOW HITPOINT WARNING * * *
The black bear bites you but does no damage.
The black bear claws you but does no damage. x2
The black bear bites you but does no damage.
The black bear claws you but does no damage. x2
Really quaff
l - 5 potions of heal wounds {!q}?
You feel much better. Josephine hits you but does no damage.
The black bear bites you but does no damage.
The black bear claws you but does no damage.
The black bear completely misses you. The black bear barely misses you.
The black bear claws you but does no damage. x2
Josephine hits you but does no damage.
Really quaff
v - a potion of invisibility {!q}?
You fade into invisibility!
Josephine hits you but does no damage.
The black bear bites you but does no damage.
The black bear barely misses you. x3
The black bear claws you but does no damage. x2
You are very lightly contaminated with residual magic.
You barely miss the black bear.
The black bear is severely wounded.
Josephine hits you but does no damage.
You hit the black bear but do no damage.
The black bear is severely wounded.
The black bear barely misses you.
The black bear claws you but does no damage. x2
The black bear barely misses you. x2
The black bear claws you but does no damage.
Josephine hits you but does no damage.
You barely miss the black bear.
The black bear is severely wounded.
Josephine hits you but does no damage.
The black bear bites you but does no damage.
The black bear claws you but does no damage. x2
You catch the helpless Josephine completely off-guard!
You puncture Josephine!
Josephine is heavily wounded.
You feel less wooden. The black bear misses you.
The black bear completely misses you. The black bear closely misses you.
You catch the helpless Josephine completely off-guard!
You puncture Josephine!
Josephine is severely wounded.
Josephine is infused with unholy energy.
You die...

≈## ######≈.. #
##.....≈..
#####.###W.....≈#
##..≈8
......h@@WY....≈#
....≈≈
########h5...?.≈#
#.....
#W5.....≈###....W
#...†...≈...... #
#.......≈....# #
##......#....# #
##..........####
#####...#≈≈≈≈≈≈
###########


You could see Josephine, 3 wraiths, 2 black bears, a sky beast, a crimson imp
and a shadow imp.

Vanquished Creatures
  Erica (D:8)
  A death knight (D:9)
  A two-headed ogre (D:7)
  Pikel (D:8)
  2 phantasmal warriors (D:9)
  Joseph (D:8)
  A freezing wraith (D:9)
  Prince Ribbit (D:5)
  2 hippogriffs (D:10)
  2 wraiths (D:10)
  A wyvern (D:9)
  A hungry ghost (D:7)
  A sky beast (D:8)
  2 slaves (D:8)
  An ice beast (D:5)
  An orc warrior (D:10)
  3 phantoms
  2 black bears (D:8)
  6 centaurs
  6 ogres
  A big kobold (D:9)
  5 bullfrogs
  2 scorpions (D:7)
  5 killer bees (D:7)
  An electric eel (D:6)
  3 crimson imps
  5 hounds
  A bullfrog skeleton (D:6)
  A quasit (D:9)
  4 orc priests
  5 orc wizards
  4 iguanas
  7 worker ants
  A killer bee zombie (D:7)
  A worker ant zombie (D:6)
  3 gnolls (D:5)
  13 adders
  A shadow imp (D:6)
  2 oozes
  2 adder skeletons
  2 worms
  3 dart slugs
  5 leopard geckos
  27 orcs
  A ball python (D:4)
  6 giant cockroaches
  2 gnoll zombies (D:8)
  8 goblins
  8 hobgoblins
  12 jackals
  2 quokkas
  5 bats
  8 frilled lizards
  A jackal zombie (D:5)
  9 kobolds
  A quokka zombie (D:8)
  7 rats
211 creatures vanquished.

Vanquished Creatures (others)
  An adder (D:10)
1 creature vanquished.

Grand Total: 212 creatures vanquished

Notes
Turn   | Place    | Note
-------+----------+-------------------------------------------
     0 | D:1      | Amnesiac the Spriggan Berserker began the quest for the Orb.
     0 | D:1      | Reached XP level 1. HP: 11/11 MP: 2/2
    51 | D:1      | You fall through a shaft!
   274 | D:4      | Noticed a worker ant
   278 | D:4      | Found a sparkling altar of Nemelex Xobeh.
   300 | D:4      | Reached skill level 1 in Stealth
   308 | D:4      | Killed a worker ant
   308 | D:4      | Reached XP level 2. HP: 4/16 MP: 3/3
   646 | D:3      | Found an iron altar of Okawaru.
   688 | D:2      | Found a glowing golden altar of the Shining One.
   739 | D:2      | Reached XP level 3. HP: 18/20 MP: 4/4
   784 | D:2      | Reached skill level 5 in Dodging
   970 | D:2      | Found a hide-covered altar of Uskayaw.
  1227 | D:2      | Found a stormy altar of Qazlal.
  1271 | D:2      | Reached XP level 4. HP: 16/24 MP: 5/5
  1367 | D:1      | Reached skill level 1 in Armour
  1457 | D:1      | Reached ** piety under Trog
  2562 | D:3      | Reached XP level 5. HP: 28/28 MP: 6/6
  2676 | D:3      | Reached *** piety under Trog
  3175 | D:5      | Entered Level 5 of the Dungeon
  3185 | D:5      | Noticed a centaur
  3205 | D:5      | Killed a centaur
  3205 | D:5      | Reached XP level 6. HP: 32/32 MP: 7/7
  3333 | D:5      | Noticed Prince Ribbit
  3336 | D:5      | Found a shimmering altar of Xom.
  3351 | D:5      | Killed Prince Ribbit
  3351 | D:5      | Reached skill level 5 in Short Blades
  3351 | D:5      | Reached XP level 7. HP: 36/36 MP: 8/8
  3905 | D:5      | Found a blossoming altar of Fedhas.
  3918 | D:5      | Noticed an oklob plant
  4443 | D:6      | Found a staircase to the Ecumenical Temple.
  4530 | D:6      | Reached XP level 8. HP: 39/40 MP: 9/9
  5085 | Temple   | Entered the Ecumenical Temple
  5319 | D:7      | Reached **** piety under Trog
  5392 | D:7      | Reached skill level 5 in Fighting
  5433 | D:7      | Noticed a two-headed ogre
  5444 | D:7      | Found a radiant altar of Vehumet.
  5464 | D:7      | Found Ycaotiar's Assorted Antiques.
  5470 | D:7      | Bought a blue potion for 28 gold pieces
  5470 | D:7      | Bought a scroll labeled POMEHO VOAQAMM for 32 gold pieces
  5470 | D:7      | Bought a small bone amulet for 160 gold pieces
  5470 | D:7      | Bought a lumpy cyan potion for 28 gold pieces
  5532 | D:7      | Reached skill level 6 in Dodging
  5588 | D:7      | Found Fuhaditu's Magic Scroll Shop.
  5596 | D:7      | Bought a scroll of magic mapping for 38 gold pieces
  5596 | D:7      | Bought a scroll of random uselessness for 11 gold pieces
  5645 | D:7      | Killed a two-headed ogre
  5645 | D:7      | Reached skill level 5 in Armour
  5645 | D:7      | Reached skill level 7 in Dodging
  5645 | D:7      | Reached XP level 9. HP: 44/48 MP: 10/10
  5885 | D:7      | Found Selup's Armour Emporium.
  5888 | D:7      | Bought a +0 hat for 52 gold pieces
  6039 | D:7      | Found a shattered altar of Ashenzari.
  6130 | D:8      | Noticed Joseph
  6155 | D:8      | Killed Joseph
  6504 | D:8      | Noticed Erica
  6519 | D:8      | Killed Erica
  6519 | D:8      | Reached XP level 10. HP: 53/53 MP: 11/11
  6705 | D:8      | Noticed Pikel
  6741 | D:8      | Killed Pikel
  7093 | D:8      | Found a basalt altar of Yredelemnul.
  7361 | D:9      | Reached skill level 8 in Dodging
  7374 | D:9      | Reached ***** piety under Trog
  7398 | D:9      | Noticed a phantasmal warrior
  7411 | D:9      | Noticed a death knight
  7412 | D:9      | Noticed a phantasmal warrior
  7754 | D:9      | Killed a phantasmal warrior
  7754 | D:9      | Reached skill level 9 in Dodging
  7761 | D:9      | Killed a phantasmal warrior
  7761 | D:9      | Reached skill level 10 in Dodging
  7905 | D:9      | Found a staircase to the Lair.
  7998 | D:9      | Killed a death knight
  7998 | D:9      | Reached skill level 11 in Dodging
  8014 | D:9      | Reached skill level 12 in Dodging
  8246 | D:9      | Found an ornate altar of the Wu Jian Council.
  8375 | D:10     | Entered Level 10 of the Dungeon
  8375 | D:10     | Found Meut's General Store.
  8375 | D:10     | Found Soocohik's Antique Armour Emporium.
  8420 | D:10     | Reached XP level 11. HP: 53/56 MP: 12/12
  8651 | D:10     | Reached skill level 13 in Dodging
  8671 | D:10     | Noticed Josephine
  8722 | D:10     | Killed from afar by Josephine

Vault maps used:
D:1:      sevenhm_arrival_forest_fort_large_2
D:2:      grunt_qazlal_sundering, lemuel_round_altar, marbit_many_paths,
          hex_medium
D:3:      old_standard_altar, first_ration
D:4:      nemelex_xobeh_ov_fountains_minmay
D:5:      kennysheep_mini_moat, tgw_fedhas, uniq_prince_ribbit1
D:6:      minmay_temple_entry_large_hall, minmay_misc_feat_room,
          serial_bayou_lagoon_a
D:7:      lemuel_coloured_pillars_altar, lemuel_doored_altar, serial_shops,
          shop, kennysheep_mini, shop
D:8:      lemuel_zombie_altar_yredelemnul, uniq_erica, uniq_pikel, uniq_joseph
D:9:      nicolae_overflow_hidden_temple, lair_entry_dummy
D:10:     cheibrodos_ideogram_h, orc_0_dummy, serial_shops, shop, shop,
          shop_fountains, shop_statue, nicolae_trove_entry_crossroad,
          uniq_snorg, uniq_josephine, uniq_maurice
Temple:   jpeg_temple_clearing

Skill      XL: |  1  2  3  4  5  6  7  8  9 10 11 |
---------------+----------------------------------+-----
Stealth        | 1 |  1.2
Fighting       | 3 5 6 |  6.0
Dodging        | 5 7 12 13 | 13.1
Armour         | 2 3 4 5 8 |  8.8
Short Blades   | 5 7 8 |  8.0

Action                   |  1- 3 |  4- 6 |  7- 9 | 10-12 || total
-------------------------+-------+-------+-------+-------++-------
Melee: Short sword       |    92 |   286 |   158 |       ||   536
       Rapier            |       |       |   460 |   587 ||  1047
Invok: Berserk           |     1 |     1 |     4 |     2 ||     8
 Abil: Evoke Flight      |       |       |       |     1 ||     1
  Use: Potion            |     2 |     4 |       |     4 ||    10
       Scroll            |       |     8 |     7 |     2 ||    17
 Stab: Sleeping          |     1 |       |       |       ||     1
       Invisible         |       |       |       |     2 ||     2
  Eat: Ration            |       |     1 |     4 |     3 ||     8
Armor: Animal skin       |     2 |       |       |       ||     2
       Storm dragon scal |    24 |    98 |   114 |    70 ||   306
       Skin              |       |       |       |    99 ||    99
Dodge: Dodged            |    82 |   195 |   378 |   383 ||  1038

Table legend:
 A = Spawn XP
 B = Non-spawn XP
 C = Spawn XP percentage of total XP
 D = Spawn monster count
 E = Non-spawn monster count
 F = Spawn count percentage of total count
 G = Total turns spent on level
                    A         B        C        D         E        F      G
               +---------+---------+-------+---------+---------+-------+---------
         Total |       0 |   12122 |   0.0 |       0 |     209 |   0.0 |  8722
               +---------+---------+-------+---------+---------+-------+---------
           D:1 |       0 |      58 |   0.0 |       0 |      31 |   0.0 |   670
           D:2 |       0 |      88 |   0.0 |       0 |      17 |   0.0 |  1002
           D:3 |       0 |      68 |   0.0 |       0 |      12 |   0.0 |   693
           D:4 |       0 |     111 |   0.0 |       0 |       7 |   0.0 |   810
           D:5 |       0 |     885 |   0.0 |       0 |      21 |   0.0 |  1075
           D:6 |       0 |     560 |   0.0 |       0 |      19 |   0.0 |   870
           D:7 |       0 |    2343 |   0.0 |       0 |      38 |   0.0 |  1000
           D:8 |       0 |    2896 |   0.0 |       0 |      29 |   0.0 |  1142
           D:9 |       0 |    3501 |   0.0 |       0 |      20 |   0.0 |   977
          D:10 |       0 |    1612 |   0.0 |       0 |      15 |   0.0 |   347
               +---------+---------+-------+---------+---------+-------+---------
